Map: Romanticide LE

Players

Reynor - Winner!

  • Race: Zerg Zerg
  • Spawn Location: 5:00

ByuN

  • Race: Terran Terran
  • Spawn Location: 11:00

Event: ASUS ROG Online 2020

VOD

Have the link to the VOD?

Description

Time

  • Played on: Nov. 27, 2020, 12:55 p.m.
  • Length: 10:11

All games in this series

Show
View Real Time Build Order
Export as new Build Order

Reynor Zerg - Winner!

Build Orders: Pool First, Muta Ling Bane 

Get SALT Encoding   

  12  0:00  Drone  
  13  0:12  Overlord  
  13  0:16  Drone  
  14  0:30  Drone x2  
  16  0:40  Spawning Pool  
  15  0:44  Drone  
  15  0:47  Drone  
  17  1:10  Hatchery  
  16  1:11  Drone  
  17  1:25  Extractor  
  16  1:27  Zergling x4  
  16  1:28  Zergling x2  
  16  1:31  Queen  
  21  1:39  Overlord  
  21  1:49  Drone  
  22  2:00  Drone  
  23  2:07  Queen  
  25  2:10  Drone  
  26  2:21  Drone  
  26  2:22  Drone  
  28  2:28  Metabolic Boost  
  28  2:36  Drone x2  
  30  2:39  Drone  
  30  2:40  Queen  
  33  2:44  Overlord  
  33  2:45  Drone  
  33  2:48  Drone  
  34  2:52  Drone  
  35  2:59  Drone  
  35  3:02  Drone  
  35  3:06  Drone  
  35  3:09  Drone  
  37  3:16  Drone  
  37  3:18  Drone  
  39  3:22  Hatchery  
  39  3:26  Drone, Evolution Chamber  
  38  3:29  Overlord  
  38  3:34  Queen  
  38  3:39  Drone  
  38  3:40  Drone x2  
  43  3:49  Drone x5  
  43  3:52  Overlord  
  48  3:58  Zerg Ground Armor Level 1  
  48  4:01  Drone  
  48  4:02  Drone  
  50  4:09  Drone  
  51  4:10  Drone x2  
  51  4:11  Drone  
  51  4:13  Queen  
  51  4:15  Drone  
  57  4:21  Queen  
  57  4:24  Extractor  
  58  4:25  Overlord  
  58  4:26  Drone  
  59  4:34  Drone  
  59  4:35  Queen  
  59  4:36  Zergling x4  
  59  4:38  Zergling x2  
  65  4:43  Zergling x4  
  65  4:44  Zergling x2  
  65  4:45  Zergling x2  
  69  4:46  Overlord  
  69  4:47  Zergling x4  
  69  4:49  Drone  
  69  4:52  Baneling Nest  
  71  4:53  Lair  
  71  4:56  Zergling x4  
  73  5:02  Overlord  
  73  5:06  Zergling x6  
  73  5:07  Zergling x8  
  79  5:11  Zergling x2  
  79  5:13  Overlord  
  81  5:20  Queen  
  83  5:22  Zergling x12  
  82  5:30  Zergling x4  
  82  5:33  Drone  
  76  5:35  Drone  
  76  5:37  Drone x2  
  76  5:40  Drone  
  76  5:41  Queen  
  76  5:42  Zergling x2  
  83  5:45  Zergling x2  
  83  5:46  Zergling x4  
  83  5:47  Zergling x2  
  87  5:50  Centrifical Hooks  
  87  5:51  Queen  
  87  5:53  Zerg Melee Weapons Level 1  
  87  5:54  Zergling x2  
  87  5:55  Zergling x2  
  91  6:00  Zergling x2  
  92  6:04  Overlord  
  92  6:10  Zergling x8  
  94  6:11  Drone  
  94  6:12  Drone  
  94  6:15  Drone  
  94  6:17  Drone x2  
  94  6:18  Extractor  
  95  6:19  Extractor  
  95  6:20  Zergling x2, Drone  
  95  6:23  Zergling x2  
  94  6:30  Hatchery  
  94  6:31  Drone x2  
  94  6:32  Drone x3  
  98  6:34  Zergling x6  
  98  6:37  Drone  
  98  6:39  Extractor  
  101  6:40  Spire  
  101  6:43  Drone  
  101  6:45  Drone  
  102  6:48  Zergling x2  
  102  6:49  Extractor  
  102  6:50  Drone  
  101  6:57  Drone x2  
  103  7:01  Overlord, Spore Crawler  
  103  7:03  Zergling x6  
  103  7:05  Baneling x6  
  105  7:09  Overlord x2  
  105  7:13  Overlord  
  105  7:18  Drone  
  105  7:20  Drone  
  105  7:22  Zergling x6  
  110  7:23  Zergling x4  
  110  7:27  Drone x2  
  114  7:30  Drone x2  
  114  7:31  Drone x2  
  114  7:32  Evolution Chamber  
  117  7:37  Zergling x2  
  117  7:40  Zergling x2  
  117  7:41  Zergling x4  
  117  7:42  Zergling x4  
  123  7:45  Overlord  
  123  7:46  Zergling x4  
  123  7:47  Zerg Ground Armor Level 2  
  125  7:55  Zergling x8  
  125  7:57  Baneling x4  
  125  7:58  Baneling x2  
  128  7:59  Mutalisk x3  
  128  8:00  Mutalisk  
  128  8:04  Mutalisk x2  
  140  8:08  Mutalisk x2  
  140  8:10  Queen, Drone x2  
  140  8:12  Drone  
  149  8:14  Mutalisk  
  149  8:18  Overlord x3  
  151  8:23  Drone  
  148  8:32  Mutalisk  
  148  8:34  Overlord  
  150  8:36  Zergling x14  
  150  8:37  Mutalisk x2  
  156  8:41  Drone x2  
  156  8:42  Drone  
  156  8:56  Baneling x4  
  156  8:58  Zergling x16  
  156  9:01  Zergling x2  
  156  9:02  Zergling x4  
  165  9:03  Drone x2  
  165  9:08  Extractor  
  166  9:10  Mutalisk x2  
  166  9:11  Hatchery  
  159  9:17  Zergling x8  
  159  9:19  Baneling x7  
  159  9:22  Baneling x2  
  159  9:23  Zergling x12  
  169  9:25  Zergling x6  
  169  9:30  Zergling x4  
  174  9:33  Zergling x2  
  174  9:36  Zergling x6  
  163  9:40  Mutalisk x3  
  163  9:41  Zergling x4  
  163  9:44  Zergling x2  
  159  9:46  Drone  
  159  9:47  Drone  
  157  9:57  Drone x2  
  157  9:58  Drone x3  
Show
View Real Time Build Order
Export as new Build Order

ByuN Terran 

Build Orders:  

Get SALT Encoding   

  12  0:00  SCV  
  13  0:12  SCV  
  14  0:17  Supply Depot  
  14  0:24  SCV  
  15  0:39  Barracks, SCV  
  16  0:51  SCV  
  17  1:03  SCV  
  18  1:04  Refinery  
  18  1:15  SCV  
  19  1:26  Marine  
  19  1:27  Orbital Command  
  20  1:34  Command Center  
  20  1:45  Barracks  
  20  1:49  Barracks Reactor  
  21  1:54  SCV  
  21  2:02  Supply Depot  
  21  2:06  SCV  
  22  2:09  Refinery  
  22  2:18  SCV  
  23  2:25  Marine x2  
  25  2:30  Factory, SCV  
  25  2:34  Barracks Tech Lab  
  26  2:43  SCV  
  27  2:45  Marine  
  27  2:53  Marine  
  27  2:55  SCV  
  27  2:58  Marine  
  29  3:04  Marine  
  31  3:10  Stimpack  
  31  3:14  SCV, Marine  
  31  3:18  Orbital Command  
  33  3:20  Marine  
  33  3:22  Marine  
  36  3:27  SCV  
  36  3:32  Starport  
  36  3:34  Marine  
  36  3:37  Factory Reactor  
  36  3:40  Marine  
  36  3:41  Marine  
  38  3:44  SCV  
  38  3:45  SCV  
  41  3:50  Supply Depot  
  41  3:52  Marine  
  42  3:56  SCV  
  42  3:57  SCV  
  42  3:58  Marine  
  42  3:59  Marine  
  46  4:04  Supply Depot  
  46  4:11  SCV x2, Marine  
  46  4:16  Marine  
  52  4:17  Marine  
  52  4:24  SCV x2  
  52  4:25  Medivac x2  
  52  4:27  Supply Depot  
  52  4:29  Marine  
  58  4:34  Marine  
  58  4:35  Marine  
  58  4:36  SCV x2  
  62  4:38  Supply Depot  
  62  4:48  SCV x2, Marine  
  62  4:49  Supply Depot  
  62  4:51  Marine  
  62  4:52  Combat Shield  
  66  4:53  Marine  
  67  5:00  SCV  
  67  5:01  Medivac  
  67  5:04  SCV  
  67  5:06  Marine  
  72  5:09  Marine  
  72  5:11  Marine  
  72  5:12  SCV  
  75  5:21  Command Center  
  72  5:30  Marine x3  
  72  5:32  Factory Tech Lab  
  72  5:34  SCV x2  
  71  5:45  Starport Reactor  
  71  5:48  Barracks  
  71  5:49  Engineering Bay x2, Refinery  
  72  5:51  SCV x2  
  72  5:53  Refinery  
  72  5:54  Marine x2  
  72  5:55  Marine  
  76  5:59  Siege Tank  
  79  6:04  SCV  
  79  6:05  SCV  
  79  6:14  Marine x2  
  79  6:15  Marine  
  79  6:17  SCV x2  
  76  6:30  Terran Infantry Armor Level 1, Terran Infantry Weapons Level 1  
  76  6:31  Siege Tank  
  76  6:32  Marine x3  
  80  6:34  Orbital Command  
  84  6:41  Marine x2  
  86  6:50  Marine x3  
  88  6:56  Medivac  
  88  6:57  Medivac  
  88  6:59  Marine x2  
  92  7:02  Orbital Command, SCV x2  
  92  7:05  Barracks  
  92  7:08  Barracks, Marine x3  
  95  7:10  Supply Depot  
  95  7:11  Supply Depot  
  95  7:12  Supply Depot  
  95  7:14  Supply Depot, SCV x2  
  99  7:17  Marine  
  100  7:23  Supply Depot  
  100  7:24  Supply Depot  
  101  7:32  Siege Tank, Marine x4  
  101  7:33  SCV x2  
  101  7:34  SCV  
  101  7:35  Marine  
  111  7:37  Medivac  
  111  7:38  Medivac  
  115  7:45  SCV  
  115  7:46  SCV x2  
  115  7:48  Armory  
  115  7:49  Supply Depot, Marine x3  
  115  7:50  Marine  
  122  7:52  Marine  
  122  7:58  SCV x3  
  126  8:01  Supply Depot  
  126  8:02  Supply Depot  
  126  8:03  Barracks Reactor x2  
  126  8:06  Siege Tank  
  126  8:07  Marine x4  
  126  8:10  SCV x2  
  135  8:14  SCV  
  135  8:17  Factory, Refinery  
  136  8:23  Supply Depot  
  136  8:25  Supply Depot  
  135  8:28  Marine  
  135  8:29  Marine x4  
  139  8:37  Medivac x2  
  139  8:38  Siege Tank  
  146  8:44  Supply Depot  
  146  8:46  Marine  
  146  8:47  Command Center  
  147  8:53  Marine x6  
  147  8:54  Marine x2  
  147  8:59  Missile Turret  
  140  9:04  Marine  
  140  9:07  Missile Turret  
  141  9:10  Marine  
  141  9:11  Marine x5  
  141  9:12  Marine x2  
  148  9:20  Factory Reactor  
  148  9:22  Marine  
  149  9:28  Marine x4  
  149  9:29  Marine x2  
  155  9:32  Marine  
  155  9:33  Marine  
  134  9:38  Factory Reactor  
  134  9:40  Marine  
  111  9:46  Marine x6  
  111  9:50  Marine x2  
  102  9:58  Command Center  
Tags
 
Add a new tag
Caveats
  • Supply blocks, unpowered buildings, or Contaminate may cause inaccurate times.
  • Supply counts are checked every 10 seconds.